Cogmind - Beta 13 @@@ ROGUE MODE // 2024.05.05 @ 15:43:52 Player: CONM Result: Destroyed by D-53 Grenadier with Mini Grenade Launcher Performance ------------- Evolutions (2) 1000 Regions Visited (4) 800 Robots Destroyed (11) 55 Value Destroyed (108) 108 Prototype IDs (2) 40 Alien Tech Used (0) 0 Bonus (0) 0 TOTAL SCORE: 2003 Bonus ------- None Cogmind --------- Core Integrity 0/550 Matter 177/300 Energy 90/100 System Corruption 3% Temperature Cool (0) Movement Core (50) Location -8/Storage Parts ------- > --- POWER (1) -------- (None) > --- PROPULSION (4) --- (None) > --- UTILITY (4) ------ (None) > --- WEAPON (2) ------- (None) > --- INVENTORY (5) ---- Wheel Airjet Cooling System Pulse Rifle Pulse Rifle Peak State ------------ > --- POWER ------------ Ion Engine > --- PROPULSION ------- Airjet Airjet Airjet > --- UTILITY ---------- Medium Storage Unit Weight Redist. System Improved Terrain Scanner Seismic Detector > --- WEAPON ----------- Pulse Rifle Precision Rocket Launcher > --- INVENTORY -------- Light Ion Engine Cooled Ion Engine Wheel Wheel Cooling System EM Pulse Gun Small Laser Pulse Rifle Pulse Rifle [Rating: 27] Favorites ----------- Power Ion Engine Engine Ion Engine Propulsion Airjet Leg Aluminum Leg Wheel Wheel Hover Unit Airjet Flight Unit Improved Flight Unit Utility Seismic Detector Device Seismic Detector Storage Medium Storage Unit Weapon Pulse Rifle Energy Gun Pulse Rifle Ballistic Gun Assault Rifle Ballistic Cannon Light Cannon Launcher Precision Rocket Launcher Special Weapon Mining Laser Build | -11 -10 -9 -8 -8 ------- Run | Yrd Mat Mat Mat Sto Slots Evolved 4 | . . 2 2 . Power . | . . . . . Propulsion 2 | . . 2 . . Utility 2 | . . . 2 . Weapon . | . . . . . Parts Attached 37 | 8 1 20 4 4 Power 6 | 1 . 4 . 1 Engine 6 | 1 . 4 . 1 Core . | . . . . . Reactor . | . . . . . Propulsion 9 | 2 . 6 . 1 Treads . | . . . . . Leg 2 | 2 . . . . Wheel 1 | . . . . 1 Hover 4 | . . 4 . . Flight 2 | . . 2 . . Utility 9 | 3 1 3 2 . Device 5 | 2 . 1 2 . Storage 4 | 1 1 2 . . Processor . | . . . . . Hackware . | . . . . . Protection . | . . . . . Artifact . | . . . . . Weapon 13 | 2 . 7 2 2 Energy Gun 5 | 1 . 2 2 . Energy Cannon . | . . . . . Ballistic Gun 2 | 1 . 1 . . Ballistic Cannon 2 | . . 2 . . Launcher 2 | . . . . 2 Special Weapon 2 | . . 2 . . Impact Weapon . | . . . . . Slashing Weapon . | . . . . . Piercing Weapon . | . . . . . Special Melee Weapon . | . . . . . Unidentified Prototypes 2 | . . 1 . 1 Parts Lost 9 | . . 2 . 7 Power 1 | . . . . 1 Propulsion 4 | . . 1 . 3 Utility 2 | . . . . 2 Weapon 2 | . . 1 . 1 Highest Loss Streak 7 | . . 1 . 7 To Critical Strikes . | . . . . . Average Slot Usage (%) 86 | . 100 82 90 81 Engine 10 | . 14 10 9 8 Leg 7 | . 28 4 . . Hover 16 | . . 19 27 22 Flight 3 | . . 7 . . Device 17 | . 14 12 27 25 Storage 9 | . 14 8 9 8 Energy Gun 12 | . 14 10 15 15 Ballistic Gun 4 | . 14 4 . . Ballistic Cannon 2 | . . 4 2 . Naked Turns 16 | . . . . 16 Heaviest Build 26 | 14 19 22 23 26 Greatest Support 32 | 20 20 32 30 30 Greatest Overweight (x) 2 | . . . . 2 Average Overweight (x) . | . . . . . Largest Inventory Capacity 10 | 8 10 10 10 10 Average Capacity 9 | 7 9 8 10 9 Most Carried 10 | 5 9 10 9 9 Average Carried 6 | 1 7 7 6 6 Final Capacity 10 | 8 10 10 10 5 Final Carried 10 | 4 9 10 6 5 Class Distribution -------------------- 96% | Mutant 3% | Scavenger-Mutant Dominant Class ---------------- Mutant | -10/Materials Mutant | -9/Materials Mutant | -8/Materials Mutant | -8/Storage Resources | -11 -10 -9 -8 -8 ----------- Run | Yrd Mat Mat Mat Sto Matter Collected 469 | 295 . 52 . 122 Remotely . | . . . . . Salvage Created 357 | 96 . 45 . 216 Parts 21 | 7 . 2 . 12 Haulers Intercepted 2 | . . . . 2 Recyclers Shooed . | . . . . . Parts Field Recycled . | . . . . . Retrieved Matter . | . . . . . Parts Self-Destructed . | . . . . . Prevented . | . . . . . Kills | -11 -10 -9 -8 -8 ------- Run | Yrd Mat Mat Mat Sto Combat Hostiles Destroyed 5 | . . 1 . 4 Guns 4 | . . 1 . 3 AOE 1 | . . . . 1 Classes Destroyed 6 | 2 . 1 . 3 Worker 1 | . . . . 1 Tunneler 1 | 1 . . . . Hauler 2 | . . . . 2 Recycler 2 | 1 . . . 1 Swarmer 4 | . . . . 4 Grunt 1 | . . 1 . . Best Kill Streak 5 | 1 . 1 . 5 Combat Bots Only 3 | . . 1 . 3 Max Kills in Single Turn 3 | 1 . 1 . 3 Gunslinging . | . . . . . Exploded 1 | . . . . 1 Melee . | . . . . . Uniques/NPCs Destroyed . | . . . . . Combat | -11 -10 -9 -8 -8 -------- Run | Yrd Mat Mat Mat Sto Hostile Shots Fired 138 | . 41 46 . 51 Missed 50 | . 23 17 . 10 Damage Taken 1610 | . 162 425 . 1023 Core 652 | . 35 64 . 553 Absorbed by Shields . | . . . . . Regen/Repaired (Parts) 22 | . . 22 . . Core Remaining (%) 90 | 100 86 84 . . Volleys Fired 38 | 5 . 17 . 16 Largest 2 | 2 . 2 . 2 Hottest 126 | 60 . 126 . 126 Shots Fired 67 | 10 . 33 . 24 Gun 51 | 10 . 18 . 23 Cannon 11 | . . 11 . . Launcher 1 | . . . . 1 Special 4 | . . 4 . . Kinetic 24 | 5 . 19 . . Thermal 42 | 5 . 14 . 23 Explosive 1 | . . . . 1 Electromagnetic . | . . . . . Robot Hit Streak 8 | 2 . 7 . 8 Robot Miss Streak 3 | 2 . 2 . 3 Penetration Max . | . . . . . Secondary Targets . | . . . . . Shots Hit Robots 34 | 5 . 14 . 15 Core Hits 12 | 3 . 1 . 8 Critical Kills . | . . . . . Critical Parts Destroyed . | . . . . . Critical Strikes 2 | . . 1 . 1 Burn 2 | . . 1 . 1 Melee Attacks . | . . . . . Impact . | . . . . . Slashing . | . . . . . Piercing . | . . . . . Sneak Attacks . | . . . . . Combat Hostiles . | . . . . . Follow-up Attacks . | . . . . . Damage Inflicted 833 | 71 . 273 . 489 Guns 472 | 71 . 131 . 270 Cannons 83 | . . 83 . . Explosions 179 | . . . . 179 Melee . | . . . . . Ramming 99 | . . 59 . 40 Kinetic 190 | 60 . 130 . . Thermal 365 | 11 . 84 . 270 Explosive 179 | . . . . 179 Electromagnetic . | . . . . . Impact . | . . . . . Slashing . | . . . . . Piercing . | . . . . . Highest Corruption 5 | . . 5 . 3 Average Corruption 4 | . . 5 . 3 Corruption Purged . | . . . . . Corruption Blocked . | . . . . . Effects 3 | . . 3 . . Data Loss (minor) 2 | . . 2 . . Data Loss (major) 1 | . . 1 . . Overload Shots . | . . . . . Overflow Damage 32 | . . 16 . 16 Projectiles . | . . . . . Explosions 9 | . . . . 9 Melee 23 | . . 16 . 7 Knockbacks 1 | . . 1 . . Impact 1 | . . 1 . . Kinetic . | . . . . . Secondary . | . . . . . Self-Inflicted Damage 48 | . . 29 . 19 Shots . | . . . . . Rammed 7 | . . 5 . 2 Targets Rammed 7 | . . 5 . 2 Kicked . | . . . . . Crushed . | . . . . . Highest Temperature 201 | . . 201 . 137 Average Temperature 62 | . . 65 . 57 Received Heat Transfer 288 | . 30 195 . 63 Siege Activations . | . . . . . Robots Corrupted . | . . . . . Combat Hostiles . | . . . . . Parts Fried . | . . . . . Impact Corruptions 2 | . . 1 . 1 Robots Melted . | . . . . . Combat Hostiles . | . . . . . Parts Melted 2 | . . . . 2 Heat Transferred 950 | 25 . 259 . 666 Parts Sabotaged . | . . . . . Parts Stolen . | . . . . . Parts Stripped . | . . . . . Power Chain Reactions . | . . . . . Alert | -11 -10 -9 -8 -8 ------- Run | Yrd Mat Mat Mat Sto Peak Influence 319 | 10 66 204 83 319 Initial 68 | . 6 27 68 34 Average 86 | 4 27 89 78 151 Maximum Alert Level 1 | . . 1 . 1 Low Security (%) 89 | 100 100 93 100 72 Level 1 10 | . . 6 . 27 Level 2 . | . . . . . Level 3 . | . . . . . Level 4 . | . . . . . Level 5 . | . . . . . High Security . | . . . . . Max Security . | . . . . . Squads Dispatched 5 | . 1 3 . 1 Investigation 2 | . 1 1 . . Extermination . | . . . . . Reinforcement 3 | . . 2 . 1 Assault . | . . . . . Garrison . | . . . . . Intercept . | . . . . . Searches Triggered . | . . . . . Construction Impeded . | . . . . . Haulers Reinforced . | . . . . . Active Scanning Responses . | . . . . . Cargo Convoy Interrupts . | . . . . . Stealth | -11 -10 -9 -8 -8 --------- Run | Yrd Mat Mat Mat Sto Distress Signals 2 | . . 1 . 1 Communications Jammed . | . . . . . Distress Signals . | . . . . . Times Spotted 57 | . 9 25 1 22 Peak Tracking Total 8 | . 7 8 1 7 Tactical Retreats 10 | . 1 7 . 2 Traps | -11 -10 -9 -8 -8 ------- Run | Yrd Mat Mat Mat Sto Traps Triggered 2 | . 1 1 . . Indirectly . | . . . . . Trap Hack Attempts . | . . . . . Triggered . | . . . . . Disarmed . | . . . . . Reprogrammed . | . . . . . Reused . | . . . . . Traps Extracted . | . . . . . Installed . | . . . . . Triggered . | . . . . . Machines | -11 -10 -9 -8 -8 ---------- Run | Yrd Mat Mat Mat Sto Machines Disabled 1 | . . . . 1 Max in Single Turn 1 | . . . . 1 Machines Repaired . | . . . . . Machines Dismantled . | . . . . . Machines Sabotaged . | . . . . . Overloaded Fab Kills . | . . . . . Hacking | -11 -10 -9 -8 -8 --------- Run | Yrd Mat Mat Mat Sto Machines Accessed 5 | . 1 1 . 3 Terminals 3 | . 1 . . 2 Fabricators . | . . . . . Repair Stations 2 | . . 1 . 1 Recycling Units . | . . . . . Scanalyzers . | . . . . . Garrison Access . | . . . . . Total Hacks 7 | . 1 3 . 3 Successful 5 | . 1 2 . 2 Failed 2 | . . 1 . 1 Catastrophic . | . . . . . Database Lockouts . | . . . . . Manual . | . . . . . Terminals 3 | . 1 . . 2 Fabricators . | . . . . . Repair Stations 4 | . . 3 . 1 Recycling Units . | . . . . . Scanalyzers . | . . . . . Garrison Access . | . . . . . Terminal Hacks 3 | . 1 . . 2 Open Door 1 | . . . . 1 Hauler Manifests 1 | . . . . 1 Zone Layout 1 | . 1 . . . Fabricator Hacks . | . . . . . Repair Station Hacks 2 | . . 2 . . Scan Component 1 | . . 1 . . Repair 1 | . . 1 . . Recycling Unit Hacks . | . . . . . Scanalyzer . | . . . . . Garrison Access Hacks . | . . . . . Unauthorized Hacks . | . . . . . Terminals . | . . . . . Fabricators . | . . . . . Repair Stations . | . . . . . Recycling Units . | . . . . . Scanalyzers . | . . . . . Garrison Access . | . . . . . Data Cores Recovered . | . . . . . Used . | . . . . . Hacking Detections 2 | . . 1 . 1 Full Trace Events . | . . . . . Feedback Events . | . . . . . Feedback Blocked . | . . . . . Robot Schematics Acquired . | . . . . . Robots Built . | . . . . . Authchips . | . . . . . Time . | . . . . . Total Robot Build Rating . | . . . . . Part Schematics Acquired . | . . . . . Parts Built . | . . . . . Authchips . | . . . . . Time . | . . . . . Total Part Build Rating . | . . . . . Parts Repaired 1 | . . 1 . . Time 26 | . . 26 . . Parts Recycled . | . . . . . Recycled Matter . | . . . . . Retrieved Matter . | . . . . . Retrieved Components . | . . . . . Parts Scanalyzed . | . . . . . Part Schematics Acquired . | . . . . . Parts Damaged . | . . . . . Bothacking | -11 -10 -9 -8 -8 ------------ Run | Yrd Mat Mat Mat Sto Used RIF Installer . | . . . . . Robots Hacked . | . . . . . Non-combat . | . . . . . Combat . | . . . . . Robot Hacks Applied . | . . . . . Relay Couplers Released . | . . . . . Fabnet Peak Effective % . | . . . . . Robots Rewired . | . . . . . Allies Hacked . | . . . . . Hacks Repelled . | . . . . . Allies | -11 -10 -9 -8 -8 -------- Run | Yrd Mat Mat Mat Sto Total Allies . | . . . . . Largest Group . | . . . . . Highest-Rated Group . | . . . . . Highest-Rated Ally . | . . . . . Total Orders . | . . . . . Ally Attacks . | . . . . . Total Damage . | . . . . . Kills . | . . . . . Allies Corrupted . | . . . . . Allies Melted . | . . . . . Intel | -11 -10 -9 -8 -8 ------- Run | Yrd Mat Mat Mat Sto Robot Analysis Total . | . . . . . Derelict Logs Recovered . | . . . . . Drone Launches . | . . . . . Drone Recoveries . | . . . . . Exploration | -11 -10 -9 -8 -8 ------------- Run | Yrd Mat Mat Mat Sto Turns Passed 1321 | 129 241 555 39 357 Spaces Moved 1640 | 85 197 771 56 531 Core 40 | 5 . . . 35 Treads . | . . . . . Legs 333 | 80 197 56 . . Wheels 13 | . . . . 13 Hover 915 | . . 376 56 483 Flight 339 | . . 339 . . Fastest Speed 37 | 50 120 37 52 50 Average Speed 62 | 115 120 49 52 54 Slowest Speed 150 | 120 120 120 52 150 Overloaded Moves . | . . . . . Propulsion Burnouts . | . . . . . Robots Hopped 6 | . . 6 . . Cave-ins Triggered . | . . . . . Exploration Rate (%) 26 | 5 29 42 6 52 Regions Visited 4 Branch Regions 1 Pre-discovered Areas . | . . . . . Known Exits Taken . | . . . . . Unknown Exits Taken 4 | 1 1 1 1 . Scrap Searched . | . . . . . Spaces Dug 4 | . . 4 . . Terrain Destroyed 26 | . . 4 . 22 Melee . | . . . . . Projectile 4 | . . 4 . . AOE 22 | . . . . 22 Terrain Rammed . | . . . . . Walls Destroyed . | . . . . . Machines Disabled . | . . . . . Actions | -11 -10 -9 -8 -8 --------- Run | Yrd Mat Mat Mat Sto Total 1843 | 102 201 895 66 579 Wait 94 | . . 71 5 18 Move 1624 | 84 196 758 55 531 Hop 6 | . . 6 . . Pick Up 19 | 4 4 8 . 3 Fast Attach 13 | 7 . 6 . . Attach 13 | 1 . 5 4 3 Detach 4 | 1 . 1 . 2 Swap 11 | . 1 9 . 1 Drop 14 | . . 9 2 3 Fire 38 | 5 . 17 . 16 Melee . | . . . . . Ram 7 | . . 5 . 2 Kick . | . . . . . Crush . | . . . . . Escape Stasis . | . . . . . Rewire . | . . . . . Trap . | . . . . . Miscellaneous . | . . . . . Route ------- -11/Scrapyard -10/Materials -9/Materials -8/Materials -8/Storage History --------- Turn | Location | Event 21 | -11/Scrapyard | Discovered new exit (range 13) 130 | -11/Scrapyard | Entered Materials 233 | -10/Materials | Discovered new exit (range 6) 302 | -10/Materials | Build established: Mutant 371 | -10/Materials | Entered another Materials area 371 | -9/Materials | Evolved 2 slots: Propulsion x2 719 | -9/Materials | Repaired Lgt. Ion Engine 854 | -9/Materials | Discovered new exit (range 9) 926 | -9/Materials | Entered another Materials area 926 | -8/Materials | Evolved 2 slots: Utility x2 938 | -8/Materials | Discovered new exit (range 16) 965 | -8/Materials | Entered Storage 1306 | -8/Storage | Released all parts (3) 1308 | -8/Storage | Core integrity fell below 50% 1312 | -8/Storage | Core integrity fell below 20% 1322 | -8/Storage | Destroyed by D-53 Grenadier with Mini Grenade Launcher Last Messages --------------- 01302_ Wheel destroyed. 01303_ The unstable cave ceiling collapses. 01304_ as-95428 destroyed. 01304_ Seismic Detector destroyed. 01304_ Dropped Sml. Laser. 01305_ Dropped EM Pulse Gun. 01305_ Dropped Lgt. Ion Engine. 01306_ Released Med. Storage Unit. 01306_ Released Weight Redist. System. 01306_ Released Prc. Rocket Launcher. 01309_ The unstable cave ceiling collapses. 01310_ Y-45 Defender heat damages Imp. Ion Engine. 01311_ The unstable cave ceiling collapses. 01312_ Y-45 Defender heat short circuits Lgt. Treads. 01312_ L-31 Rogue destroyed. 01313_ as-82012 destroyed. 01322_ The unstable cave ceiling collapses. 01322_ Terminal disabled. Map ----- +----------------------------------------------------+ | ??#????????#%"#????????????????????????????? | | ?????????###"*#????????????????????????????? | | ??######## #%!#??#?????????????????????????? | | ??# #!=#####?#??????????????????????? | | ??# # # #????????????????????????? | | ??# # + ??????????????????????????? | | ??# !# ##"##???#???????????????????? | | ??# !! %* #! !#???????????????????????? | | ??# !! [ # ! !#?????????????#?????????? | | ??# ! !#?#??? ?????????????????? | | ??# = ! !#???????????????????????? | | ??# = ###########??????????????? | | ??## # %= =! #??????????????? | | ??# r ! [#?????###??????? | | ??# # [ #?????# #??????? | | ??# = *[ ] #????## #??##### | | #"" !* #????#T #??# | | #"T #+##+#########+#### | | #"" r + | | ### ]] # [= % ####+#####!##### "" | | ??# "T" ]% %d [%"" # # #??## "" | | ??# [%=*!Y" # #[#???# "" | | ??## ###### ^ * d "" # !!# #???# "" | | ########### l #= ! #[#???# | | # + ==! #[#???## ## | | # ##### == @ #!#?????##? | | # #???# =! !# #???????? | | # #???# ##### " # #???????? | | # #?#?# ########### = # #???????? | | # #???# # =########## ######### | | # #???# # * " + | | # ##### # =##########+## """ | | # # # #????# """ # """"?" | | # # / #????# """ # "????" | | # + # """ """ #????# """ # " ???" | | # # # """ """ #???## # "?"""" | | ####### ### # """ """ #????# # """ | | ??????# T## #############??# # | | ??????# ### #?# """" #??######## | | ??????""""?# #?# """" ###############+## | | ???????????# #?# """" # | | ???????????# ### """" + | | ???????????# / # | | ???????????# ### # #######+## | | ???????????####?# # # | | ????????????????# # + | | ???#????????????#####" "########### ! | | ????????????????????#"R"#?????????# / | | ????????????????????#"""#?????????# ! | | ???????#????????????#####?????????# | +----------------------------------------------------+ Best States ------------- Heat Dissipation 31 Energy Generation 10 Energy Capacity 250 Matter Stores 300 Matter Capacity 300 Sight Range 16 Terrain Scan Range 16 Terrain Scan Density 10 Additional Mass Support 6 Evasion (%) 62 Item Schematics ----------------- None Robot Schematics ------------------ None Fabricated ------------ Nothing Alien Tech Used ----------------- None Achievements -------------- None Challenges ------------ None Game ------ Seed TachyonCombatStick Manual? 0 Play Time 00:28:37 Cumulative 10.8 hours Start 2024.05.05 @ 15:15:51 End 2024.05.05 @ 15:43:52 Sessions 1 Manual Loads 0 Difficulty Rogue Special Mode None Game No. 25 Rogue 25 Adventurer 0 Explorer 0 Win Type - Total 0 Types 0/0/0/0/0/0/0/0/0 Lore% 14 Gallery% 11 Achievement% 11 Wizard Run 0 Options --------- Layout 1 ASCII 0 Keyboard 0 Movement Arrows Keybinds 0 Fullscreen 2 Font 24/Smallcaps Map View 50x35 Zoom Use 0% Tactical HUD 1 Map Filters NONE Filters NONE Steam 1 RUN: de5f4287-67eb-4c03-9582-ac4818ca6ade